 Dungeon Crawl Stone Soup version 0.17.0-7-gfadd4cc (console) character file.

205 gw the Cudgeler (level 5, -3/42 HPs)
             Began as a Mummy Chaos Knight on Nov 8, 2015.
             Slain by a gnoll
             ... wielding a +0 halberd
              (10 damage)
             ... on level 3 of the Dungeon.
             The game lasted 00:03:12 (2554 turns).

gw the Cudgeler (Mummy Chaos Knight)                Turns: 2554, Time: 00:03:12

Health: -3/42      AC:  8    Str: 15    XL:     5   Next: 52%
Magic:  5/5        EV:  6    Int: 11    God:    Xom [..*...]
Gold:   94         SH:  0    Dex: 13    Spells: 0 memorised, 4 levels left

rFire  x . .     SeeInvis .     a - +0 mace (chaos)
rCold  + . .     Clarity  .     b - +0 chain mail
rNeg   + + +     SustAt   .     (no shield)
rPois  ∞         Gourm    .     (no helmet)
rElec  .         Spirit   .     (no cloak)
rCorr  .         Warding  .     (no gloves)
rMut   .         Stasis   .     (no boots)
MR     .....                    (no amulet)
Stlth  ..........               (no ring)
                                (no ring)

@: not resistant to hostile enchantments, extremely unstealthy
A: no food or potions, fire vulnerability, cold resistance 1, negative energy
resistance 3, torment resistance, unbreathing
a: Renounce Religion


You were on level 3 of the Dungeon.
You worshipped Xom.
You were a toy of Xom.
You were not hungry.

You visited 1 branch of the dungeon, and saw 3 of its levels.

You collected 94 gold pieces.

Inventory:

Hand Weapons
 a - a +0 mace of chaos (weapon)
Missiles
 c - 18 poisoned needles
 d - 10 stones (quivered)
Armour
 b - a +0 chain mail (worn)


   Skills:
 + Level 3.8 Fighting
 * Level 3.9 Maces & Flails
 + Level 1.9 Throwing
 + Level 2.2 Armour
 - Level 0.7 Dodging


You had 4 spell levels left.
You didn't know any spells.

Dungeon Overview and Level Annotations

Branches:
Dungeon (3/15)

Altars:


Innate Abilities, Weirdness & Mutations

You do not eat or drink.
Your flesh is vulnerable to fire.
You are immune to poison.
Your flesh is cold resistant.
You are immune to negative energy.
You are immune to unholy pain and torment.
You can survive without breathing.


Message History

The giant cockroach barely misses you.
The gnoll hits you from afar with a halberd.
Unknown command.
Unknown command.
Unknown command.
MOVING TO (2,6)
The giant cockroach bites you but does no damage.
The giant cockroach closely misses you.
Unknown command.
Unknown command.
Unknown command.
MOVING TO (2,5) Unknown command.
Unknown command.
Unknown command.
ATTACK MOVE TO (0,-1)
You completely miss the giant cockroach.
The giant cockroach barely misses you.
The gnoll hits you from afar with a halberd!
You die...

....
#......##..... ...
#.............
..##
#...........!. ..#
######........ #o#
#........ o
#)########........
#g.>........#.[...
#s......%...####+#
#M.(........# #.#
###.#...########)#
........+.........
###.#...###.###...
###.....###.# #...
............# #...
............# #...
............# #...
............# #...


You could see a gnoll, an orc and a giant cockroach.

Table legend:
 A = Turns spent in this place as a percentage of turns spent in the entire game.
 B = Non-inter-level travel turns spent in this place as a percentage of non-inter-level travel turns spent in the entire game.
 C = Inter-level travel turns spent in this place as a percentage of turns spent in this place.
 D = Turns resting spent in this place as a percentage of non-inter-level travel turns spent in this place.
 E = Turns spent auto-exploring this place as a percentage of non-inter-level travel turns spent in this place.
 F = Non-inter-level travel turns spent in this place divided by the number of levels of this place that you've seen.
                   A       B       C       D       E      F
               +-------+-------+-------+-------+-------+----------------------
         Total | 100.0 | 100.0 |   0.1 |   1.1 |   2.2 | 1578.3
       Dungeon | 100.0 | 100.0 |   0.1 |   1.1 |   2.2 | 1578.3
               +-------+-------+-------+-------+-------+----------------------

Table legend:
 A = Kills in this place as a percentage of kills in entire the game.
 B = Kills by you in this place as a percentage of kills by you in the entire game.
 C = Kills by friends in this place as a percentage of kills by friends in the entire game.
 D = Other kills in this place as a percentage of other kills in the entire game.
 E = Experience gained in this place as a percentage of experience gained in the entire game.
 F = Experience gained in this place divided by the number of levels of this place that you have seen.
                   A       B       C       D       E      F
               +-------+-------+-------+-------+-------+----------------------
         Total | 100.0 | 100.0 |  -nan |  -nan | 100.0 |  97.7
       Dungeon | 100.0 | 100.0 |  -nan |  -nan | 100.0 |  97.7
               +-------+-------+-------+-------+-------+----------------------

Vanquished Creatures
  Ijyb (D:2)
  A hound skeleton (D:3)
  A worker ant zombie (D:3)
  2 gnolls (D:3)
  8 adders
  2 worms (D:2)
  An orc (D:3)
  8 bats
  4 goblins
  4 hobgoblins
  5 jackals
  2 quokkas
  A ball python (D:2)
  3 giant cockroaches
  5 giant newts
  7 kobolds
  8 rats
63 creatures vanquished.

Notes
Turn   | Place    | Note
--------------------------------------------------------------
     0 | D:1      | gw the Mummy Chaos Knight began the quest for the Orb.
     0 | D:1      | Reached XP level 1. HP: 18/18 MP: 1/1
   102 | D:1      | XOM: divination: magic mapping
   107 | D:1      | XOM: potion effect (agility)
   233 | D:1      | XOM: harmless Fire miscast
   247 | D:1      | XOM: divination: detect items
   314 | D:1      | Reached XP level 2. HP: 24/24 MP: 2/2
   602 | D:1      | XOM: harmless Erth miscast
   668 | D:1      | XOM: harmless Summ miscast
   706 | D:2      | XOM: harmless Necr miscast
   722 | D:2      | XOM: potion effect (might)
   733 | D:2      | Reached XP level 3. HP: 29/29 MP: 3/3
   759 | D:2      | Reached skill level 1 in Throwing
   812 | D:2      | Noticed Ijyb
   819 | D:2      | XOM: harmless Tloc miscast
   855 | D:2      | Killed Ijyb
   855 | D:2      | Reached XP level 4. HP: 27/35 MP: 4/4
   988 | D:2      | XOM: harmless Necr miscast
  1102 | D:2      | XOM: potion effect (invisibility)
  1499 | D:2      | XOM: mild Air miscast
  1546 | D:2      | XOM: mild Trmt miscast
  1686 | D:2      | XOM: colour smoke trail
  1885 | D:2      | Reached XP level 5. HP: 37/42 MP: 5/5
  2005 | D:3      | XOM: noise
  2430 | D:3      | XOM: divination: detect creatures
  2510 | D:3      | XOM: silly message
  2554 | D:3      | Slain by a gnoll

Action                   |  1- 3 |  4- 6 || total
-------------------------+-------+-------++-------
Melee: Mace              |   103 |   165 ||   268
Throw: Stone             |       |    16 ||    16
 Stab: Paralysed         |     2 |       ||     2
       Invisible         |       |     3 ||     3

Vault maps used:
D:1:      minmay_arrival_semitransparent
D:2:      kennysheep_generic_room_5, uniq_iyjb
D:3:      first_bread, minmay_crystal_water
